 Dungeon Crawl Stone Soup version 0.30-a0-748-ge6a52f7cba (webtiles) character file.

Game seed: 13508764042119238282

3 cforsyth the Caller (level 1, 0/10 HPs)
             Began as a Tengu Summoner on Feb 9, 2023.
             Succumbed to a goblin's poison
             ... on level 1 of the Dungeon.
             The game lasted 00:00:23 (55 turns).

cforsyth the Caller (Tengu Summoner)                  Turns: 55, Time: 00:00:23

Health: 0/10       AC:  2    Str:  8    XL:     1   Next: 50%
Magic:  2/4        EV: 12    Int: 15    God:
Gold:   0          SH:  0    Dex: 14    Spells: 3/4 levels left

rFire   . . .      SeeInvis .    (no weapon)
rCold   . . .      Faith    .    (no shield)
rNeg    . . .      Spirit   .    a - +0 robe
rPois   .          Reflect  .    (helmet restricted)
rElec   .          Harm     .    (no cloak)
rCorr   .          Rampage  .    (no gloves)
Will    .....                    (boots unavailable)
Stlth   ++                       (no amulet)
HPRegen 0.21/turn                (no ring)
MPRegen 0.09/turn                (no ring)

@: lethally poisoned (0 -> -2)
A: beak, talons 3
a: no special abilities


You were on level 1 of the Dungeon.
You visited 1 branch of the dungeon, and saw 1 of its levels.

Inventory:

Armour
 a - a +0 robe (worn)
Scrolls
 c - 2 scrolls of vulnerability {unknown}
Potions
 b - a potion of magic


   Skills:
 - Level 2.1 Dodging
 - Level 2.0 Stealth
 + Level 2.1 Spellcasting
 + Level 4.9 Summonings


You had 3 spell levels left.
You knew the following spells:

 Your Spells              Type           Power      Damage    Failure   Level
a - Summon Small Mammal   Summ           64%        N/A       2%          1

Your spell library contained the following spells:

 Spells                   Type           Power      Damage    Failure   Level
 Call Imp                 Summ           16%        N/A       4%          2
 Call Canine Familiar     Summ           16%        N/A       9%          3
 Summon Guardian Golem    Hex/Summ       9%         N/A       24%         3
 Summon Lightning Spire   Summ/Air       9%         N/A       61%         4


Dungeon Overview and Level Annotations

Branches:
Dungeon (1/15)

Altars:


Innate Abilities, Weirdness & Mutations

You have a beak for a mouth.
You have claws for feet.


Message History

Your quokka misses the goblin. x2; The giant cockroach bites you.
The giant cockroach completely misses your quokka.
The goblin hits you but does no damage.
You are poisoned.
You closely miss the goblin. You claw the goblin.
You kill the goblin!
You feel sick.
Your quokka bites the giant cockroach.
Your quokka barely misses the giant cockroach.
The giant cockroach bites you.
You are too injured to fight recklessly!
You are too injured to fight recklessly!
You are too injured to fight recklessly!
You are too injured to fight recklessly!
You are too injured to fight recklessly!
You are too injured to fight recklessly!
You are too injured to fight recklessly!
You are too injured to fight recklessly!
You are too injured to fight recklessly!
You are too injured to fight recklessly!
You hit the giant cockroach but do no damage.
The giant cockroach is moderately wounded.
* * * LOW HITPOINT WARNING * * *
You feel sick.
Your quokka bites the giant cockroach.
Your quokka bites the giant cockroach but does no damage.
The giant cockroach closely misses you. The giant cockroach barely misses you.
Okay, then.
The giant cockroach attacks as you move away!
The giant cockroach barely misses you.
* * * LOW HITPOINT WARNING * * *
You feel sick.
Your quokka bites the giant cockroach.
Your quokka bites the giant cockroach but does no damage.
The giant cockroach barely misses your quokka.
Your quokka bites the giant cockroach.
The giant cockroach dies!
* * * LOW HITPOINT WARNING * * *
You feel sick.
Your quokka bites the giant cockroach but does no damage.
You hit the giant cockroach.
The giant cockroach is heavily wounded.
You die...

#.# ###########.# ..
.........##.# .!## ..
.........##.# ...# #..
.........##.# #..# ....
.........##.## ###..##.#..
.........##..###..........
...<.....'......@.........
.........#####...Br.......
.........# #.#.r.)......
.........# #.#..........
.........# #.#..........
.........# #.#...$..$...
########## #.#..........
#.#####...... #. ......


You could see a giant cockroach (ally target) and 2 friendly quokkas.

Vanquished Creatures
  A goblin (D:1)
1 creature vanquished.

Vanquished Creatures (collateral kills)
  A giant cockroach (D:1)
  A frilled lizard (D:1)
2 creatures vanquished.

Grand Total: 3 creatures vanquished

Notes
Turn   | Place    | Note
-------+----------+-------------------------------------------
     0 | D:1      | cforsyth the Tengu Summoner began the quest for the Orb.
     0 | D:1      | Reached XP level 1. HP: 10/10 MP: 4/4
    55 | D:1      | Succumbed to a goblin's poison

Illustrated notes

Levels and vault maps discovered:
D:1:      psy_arrival_statuary, layout_basic, serial_shops, shop, st_stairs_3

Action                     || total
---------------------------++-------
  Melee: Unarmed           ||     3
         Kick              ||     1
   Cast: Summon Small Mamm ||     5
 Armour: Robe              ||     1
  Dodge: Dodged            ||     3

Table legend: (Time is in decaauts)
 A = Elapsed time spent in this place.
 B = Non-inter-level travel time spent in this place.
 C = Inter-level travel time spent in this place.
 D = Time resting spent in this place.
 E = Time spent auto-exploring this place.
 F = Levels seen in this place.
 G = Mean time per level.
                   A        B        C        D        E       F      G
               +--------+--------+--------+--------+--------+-----+--------+
         Total |     55 |     55 |      0 |      0 |     27 |   1 |   55.0 |
       Dungeon |     55 |     55 |      0 |      0 |     27 |   1 |   55.0 |
               +--------+--------+--------+--------+--------+-----+--------+

Top non-repeatable levels by time:
     D:1: 55 daAuts
